Map: Backwater LE

Players

Prevail - Winner!

  • Race: Zerg Zerg
  • League: Master
  • Spawn Location: 11:00

ulTimeCia

  • Race: Terran Terran
  • League: Diamond
  • Spawn Location: 5:00

VOD

Have the link to the VOD?

Description

Time

  • Played on: April 27, 2018, 11:22 p.m.
  • Length: 15:22
Show
View Real Time Build Order
Export as new Build Order

Prevail Zerg - Winner!

Build Orders: Hatch First 

Get SALT Encoding   

  12  0:01  Drone  
  13  0:12  Overlord  
  13  0:17  Drone  
  14  0:30  Drone x2  
  14  0:34  Drone  
  17  0:53  Hatchery  
  17  0:55  Drone  
  17  0:58  Drone  
  18  1:09  Extractor  
  17  1:12  Spawning Pool  
  17  1:16  Drone  
  17  1:19  Drone  
  18  1:28  Drone  
  19  1:38  Drone  
  20  1:49  Overlord  
  20  1:59  Queen  
  22  2:04  Queen  
  22  2:05  Zergling x4  
  26  2:08  Metabolic Boost  
  26  2:13  Drone  
  27  2:28  Hatchery  
  26  2:32  Drone x2  
  28  2:46  Drone x3  
  28  2:50  Drone x2  
  32  3:00  Overlord  
  32  3:04  Drone  
  33  3:11  Drone x2  
  35  3:16  Overlord  
  35  3:18  Queen x2  
  39  3:22  Drone  
  39  3:23  Drone x2  
  42  3:32  Drone  
  43  3:38  Zergling x2  
  44  3:43  Queen  
  44  3:45  Drone x2, Spine Crawler  
  44  3:46  Drone  
  44  3:47  Drone x2  
  44  3:48  Drone  
  51  3:52  Overlord  
  51  4:04  Zergling x8  
  55  4:13  Zergling x6  
  55  4:14  Zergling x4  
  60  4:18  Baneling Nest  
  60  4:22  Drone  
  60  4:23  Drone x2  
  62  4:27  Spore Crawler  
  62  4:30  Overlord x3  
  61  4:36  Spore Crawler  
  60  4:44  Overlord  
  60  4:50  Spore Crawler  
  60  4:51  Drone  
  60  4:52  Drone  
  61  4:53  Drone x2  
  61  4:54  Zergling x16  
  61  4:58  Drone x3  
  74  5:06  Drone  
  75  5:08  Extractor  
  75  5:14  Evolution Chamber  
  73  5:17  Drone x3  
  73  5:18  Roach Warren, Drone x4  
  73  5:19  Baneling  
  73  5:20  Baneling x3  
  73  5:21  Baneling  
  79  5:25  Drone x3  
  82  5:31  Drone x3  
  82  5:35  Lair  
  85  5:36  Overlord  
  85  5:39  Overlord  
  85  5:41  Overlord  
  85  5:49  Baneling x2  
  85  5:50  Baneling x3  
  85  5:51  Zergling x8  
  85  5:53  Zerg Missile Weapons Level 1  
  89  6:01  Roach x2  
  93  6:08  Zergling x2  
  93  6:09  Zergling x18  
  103  6:14  Overlord  
  102  6:23  Drone x3  
  87  6:27  Drone  
  87  6:28  Drone x4  
  87  6:30  Extractor  
  87  6:31  Zergling x2  
  88  6:36  Overseer  
  88  6:43  Extractor, Drone x3  
  88  6:46  Overseer  
  90  6:49  Roach x2  
  94  6:58  Drone  
  94  6:59  Extractor, Drone x6  
  100  7:04  Hatchery  
  100  7:06  Extractor  
  100  7:07  Zergling x6  
  100  7:12  Overlord x2  
  100  7:24  Drone x2  
  100  7:25  Drone x2  
  100  7:28  Extractor  
  100  7:29  Extractor  
  102  7:30  Roach x2, Spore Crawler  
  102  7:32  Roach x5  
  102  7:33  Glial Reconstitution  
  115  7:40  Overseer  
  115  7:46  Overlord x2  
  115  7:47  Overlord  
  115  7:52  Drone  
  115  7:53  Drone x2  
  118  7:59  Drone  
  118  8:00  Drone x2  
  118  8:01  Hydralisk Den  
  118  8:05  Roach x7  
  134  8:09  Centrifical Hooks  
  134  8:11  Ravager x3  
  134  8:12  Ravager  
  138  8:18  Drone x2, Hatchery  
  138  8:19  Drone x2  
  140  8:35  Overseer, Pneumatized Carapace  
  140  8:43  Zerg Missile Weapons Level 2, Grooved Spines  
  140  8:44  Zergling x2  
  140  8:45  Zergling x18  
  140  8:46  Overlord x3  
  150  8:50  Drone  
  150  8:53  Overlord x5  
  151  9:01  Hatchery  
  150  9:05  Drone x5  
  155  9:14  Hydralisk  
  155  9:15  Hydralisk x5  
  167  9:17  Overseer  
  167  9:23  Spine Crawler  
  166  9:25  Spine Crawler  
  166  9:26  Baneling x7  
  166  9:27  Baneling x6  
  166  9:28  Drone  
  166  9:35  Overlord, Hydralisk  
  166  9:36  Hydralisk x9  
  186  9:42  Infestation Pit  
  180  9:53  Queen  
  180  10:02  Spore Crawler  
  176  10:11  Hydralisk  
  176  10:12  Hydralisk x3  
  176  10:13  Overlord x2  
  175  10:29  Queen  
  175  10:32  Roach x2  
  178  10:37  Drone x3  
  181  10:43  Drone x3  
  184  10:55  Hive, Queen  
  186  10:57  Hydralisk x7  
  190  11:14  Roach  
  190  11:15  Roach x15  
  199  11:22  Overseer x2  
  197  11:58  Hydralisk x3  
  185  12:02  Hydralisk  
  185  12:03  Hydralisk x7  
  185  12:05  Roach x3  
  185  12:06  Roach x4  
  173  12:14  Viper x3  
  173  12:15  Viper x2  
  180  12:17  Zerg Missile Weapons Level 3  
  180  12:23  Hydralisk  
  180  12:24  Hydralisk x3  
  188  12:42  Hydralisk  
  188  12:43  Hydralisk x5  
  200  12:55  Hatchery  
  200  12:56  Extractor x2  
  197  12:59  Spire  
  178  13:06  Hydralisk x4  
  178  13:07  Hydralisk x5  
  178  13:11  Zergling x2  
  178  13:12  Zergling x22  
  199  13:22  Hatchery  
  198  13:28  Hydralisk  
  198  13:49  Hydralisk x2  
  194  13:56  Hydralisk  
  194  13:57  Hydralisk x2  
  200  14:15  Roach  
  200  14:16  Roach x15  
  195  14:19  Hydralisk x6  
  195  14:20  Hydralisk x3  
  178  14:28  Hydralisk  
  178  14:29  Hydralisk  
  178  14:30  Roach x4  
  178  14:31  Roach x8  
  182  14:49  Corruptor x4  
  182  14:50  Corruptor  
Show
View Real Time Build Order
Export as new Build Order

ulTimeCia Terran 

Build Orders: Reaper Expand, Hellion Banshee 

Get SALT Encoding   

  12  0:02  SCV  
  13  0:14  SCV  
  13  0:18  Supply Depot  
  14  0:26  SCV  
  15  0:32  Refinery  
  15  0:39  SCV  
  16  0:47  Barracks  
  16  0:51  SCV  
  17  1:04  SCV  
  18  1:16  SCV  
  19  1:34  Reaper, Orbital Command  
  20  1:48  Command Center  
  20  1:58  Factory  
  20  2:04  SCV  
  21  2:10  Barracks Reactor, Refinery  
  21  2:16  SCV  
  21  2:20  Supply Depot  
  22  2:28  SCV  
  23  2:52  Starport  
  23  2:53  Hellion x2  
  23  2:58  Marine  
  27  3:01  Orbital Command  
  27  3:02  SCV  
  29  3:15  SCV  
  29  3:18  Hellion  
  29  3:19  Hellion  
  34  3:20  Barracks Tech Lab  
  34  3:28  SCV  
  34  3:34  SCV  
  36  3:39  Supply Depot  
  36  3:48  Hellion x2  
  40  3:52  Viking  
  40  3:53  Cloaking Field  
  40  3:55  SCV  
  43  4:05  SCV  
  43  4:12  Cyclone x2  
  51  4:31  Banshee  
  51  4:33  SCV  
  51  4:34  Refinery  
  53  4:39  Command Center  
  53  4:42  Refinery  
  53  4:49  Armory  
  53  5:01  SCV  
  53  5:02  Supply Depot  
  54  5:14  Supply Depot  
  54  5:24  SCV x2, Cyclone x2  
  54  5:26  Factory  
  62  5:36  Armory, SCV x2  
  64  5:44  Terran Vehicle Weapons Level 1  
  64  5:47  Starport Reactor  
  64  5:48  SCV  
  65  5:50  SCV  
  66  5:59  Orbital Command  
  65  6:22  SCV x2  
  54  6:26  Barracks Tech Lab  
  54  6:28  Factory  
  54  6:30  SCV  
  54  6:31  Terran Vehicle And Ship Armor Level 1  
  50  6:39  SCV x2  
  52  6:47  Thor  
  52  6:53  SCV x3  
  61  6:59  Command Center  
  61  7:08  SCV x2  
  61  7:12  Refinery x2  
  63  7:17  Hellion x2  
  63  7:18  Factory  
  63  7:19  Infernal Pre-Igniter  
  67  7:25  SCV  
  67  7:26  SCV  
  69  7:30  Thor  
  69  7:32  Supply Depot, Hellion  
  69  7:33  Supply Depot  
  77  7:39  SCV x2, Hellion  
  79  7:53  Thor  
  79  7:55  SCV x2  
  79  7:56  Hellion  
  79  7:57  Barracks Reactor  
  89  8:01  SCV  
  90  8:07  Terran Vehicle Weapons Level 2, SCV  
  90  8:09  SCV  
  92  8:13  Siege Tank  
  92  8:15  Medivac  
  92  8:19  SCV x2  
  99  8:21  Orbital Command, SCV  
  97  8:28  Liberator  
  97  8:30  Hellion x2  
  97  8:31  SCV  
  94  8:36  Siege Tank  
  97  8:41  Medivac  
  97  8:45  Siege Tank  
  97  8:48  Orbital Command  
  105  8:54  Hellion x4  
  113  8:56  SCV x2  
  113  8:57  Terran Vehicle And Ship Armor Level 2  
  113  9:01  Supply Depot  
  115  9:04  Engineering Bay  
  115  9:06  Liberator  
  115  9:12  Supply Depot  
  115  9:23  SCV x4, Hellion  
  124  9:34  Siege Tank, Cyclone, Hellion  
  124  9:38  Supply Depot x2  
  132  9:39  Supply Depot  
  132  9:41  Supply Depot  
  132  9:42  Starport  
  132  9:49  Smart Servos  
  132  9:59  Hellion, Cyclone, SCV x3  
  143  10:00  Siege Tank  
  143  10:02  Cyclone  
  143  10:06  Siege Tank, Cyclone  
  152  10:15  Refinery  
  152  10:16  Refinery  
  152  10:18  Liberator  
  152  10:21  Hellion  
  154  10:23  SCV x2  
  154  10:24  Terran Vehicle Weapons Level 3  
  154  10:26  Liberator  
  156  10:30  Starport Reactor, SCV x2  
  156  10:32  Hellion  
  163  10:46  Cyclone x2  
  164  10:54  Supply Depot x2  
  164  11:01  Command Center, Liberator  
  164  11:08  Supply Depot  
  164  11:09  Supply Depot  
  164  11:10  Supply Depot, Hellion  
  164  11:12  Siege Tank, Hellion x2, SCV  
  164  11:14  Liberator  
  164  11:18  Cyclone x2  
  168  11:29  SCV x2  
  168  11:31  Hellion  
  175  11:33  Viking, Thor  
  183  11:40  Hellion  
  183  11:44  Siege Tank  
  183  11:45  Factory  
  188  12:01  SCV x2  
  171  12:02  Cyclone x2  
  171  12:04  Cyclone x2  
  131  12:16  Hellion, Cyclone  
  133  12:30  Liberator  
  133  12:31  Liberator x2  
  133  12:34  Cyclone, Hellion  
  133  12:36  Hellion  
  140  12:37  Thor  
  140  12:38  Cyclone  
  157  12:54  Cyclone  
  160  13:03  Cyclone  
  160  13:11  Liberator  
  158  13:13  Liberator  
  158  13:19  Hellion x3  
  164  13:20  Siege Tank  
  164  13:25  Liberator  
  164  13:26  Siege Tank  
  170  13:28  Refinery  
  176  13:36  Hellion  
  176  13:39  Command Center x2, Liberator  
  176  13:40  Command Center, Hellion  
  180  13:47  Orbital Command  
  180  13:54  Liberator  
  177  14:12  SCV  
  177  14:13  Cyclone x2  
  165  14:20  Cyclone  
  165  14:21  Hellion x2  
  153  14:24  Hellion  
  153  14:26  Orbital Command  
  153  14:29  Refinery  
  132  14:41  Viking  
  132  14:42  Hellion, Viking, Cyclone  
  141  14:46  Cyclone, Hellion x2  
  159  15:07  Refinery  
  159  15:10  Refinery  
Tags
 
Add a new tag
Caveats
  • Supply blocks, unpowered buildings, or Contaminate may cause inaccurate times.
  • Supply counts are checked every 10 seconds.